 Dungeon Crawl Stone Soup version 0.29-a0-352-g0917bc69df (webtiles) character file.

Game seed: 2393586974482162401

55 quokkamancerX the Cudgeller (level 3, -9/34 HPs)
             Began as a Naga Berserker on Apr 24, 2022.
             Was a Believer of Trog.
             Blown up by Ijyb (11 damage)
             ... with a mindburst bolt
             ... on level 3 of the Dungeon.
             The game lasted 00:06:48 (2247 turns).

quokkamancerX the Cudgeller (Naga Berserker)        Turns: 2247, Time: 00:06:48

Health: -9/34      AC:  6    Str: 21    XL:     3   Next: 93%
Magic:  3/3        EV:  4    Int:  7    God:    Trog [**....]
Gold:   90         SH:  0    Dex: 10    Spells: 2/2 levels left

rFire   . . .      SeeInvis +   h - +0 flail
rCold   . . .      Faith    .   (no shield)
rNeg    . . .      Spirit   .   k - +0 plate armour
rPois   +          Reflect  .   (no helmet)
rElec   .          Harm     .   (no cloak)
rCorr   .          Rampage  .   (no gloves)
Will    .....                   (no barding)
Stlth   ..........              (no amulet)
HPRegen 0.11/turn               (no ring)
MPRegen 0.08/turn               (no ring)

@: very slow
A: AC +1, large, see invisible, deformed body, poison resistance, slowness 2,
spit poison 1, naga tail 1
a: Spit Poison, Renounce Religion, Berserk, Trog's Hand


You were on level 3 of the Dungeon.
You worshipped Trog.
Trog was pleased with you.
You visited 1 branch of the dungeon, and saw 3 of its levels.

You collected 90 gold pieces.

Inventory:

Hand Weapons
 h - a +0 flail (weapon)
Armour
 k - a +0 plate armour (worn)
Jewellery
 m - a ring of positive energy
Scrolls
 a - a scroll of fog {unknown}
 d - a scroll of identify {unknown}
 f - 2 scrolls of vulnerability {unknown}
 g - 4 scrolls of enchant armour {unknown}
 i - 2 scrolls of summoning {unknown}
 j - a scroll of enchant weapon {unknown}
 o - a scroll of brand weapon {unknown}
Potions
 b - 2 potions of curing {unknown}
 c - 2 potions of heal wounds {unknown}
 e - a potion of magic {unknown}
 l - a potion of lignification {unknown}
 n - a potion of attraction {unknown}


   Skills:
 - Level 3.4 Fighting
 + Level 3.5 Maces & Flails
 - Level 2.1 Armour
 - Level 2.1 Dodging


You had 2 spell levels left.
You didn't know any spells.
Your spell library was empty.

Dungeon Overview and Level Annotations

Branches:
Dungeon (3/15)

Altars:

Annotations:
D:3 Ijyb


Innate Abilities, Weirdness & Mutations

Your serpentine skin is tough. (AC +1)
You have supernaturally acute eyesight. (SInv)
Armour fits poorly on your strangely shaped body.
Your system is resistant to poisons. (rPois)
You cover ground very slowly.
You can spit poison.
You have a snake-like lower body.


Message History

The ball python hisses angrily.
You hit the ball python but do no damage.
The ball python bites you but does no damage.
You hit the ball python.
You kill the ball python!
Trog accepts your kill.
Found 2 scrolls labelled POEBO VERI.
g - 4 scrolls labelled POEBO VERI (gained 2)
You see here a +0 mace.
You see here a +0 mace.
Done exploring.
Done exploring.
There is a stone staircase leading down here.
You climb downwards.
Found a scroll labelled RUYSEU ISIREMA.
Found a stone staircase leading down.
There is a stone staircase leading up here.
o - a scroll labelled RUYSEU ISIREMA A goblin comes into view.
It is wielding a +0 club.
The goblin shouts!
Found an escape hatch in the ceiling.
The goblin barely misses you. The goblin hits you with a +0 club.
The goblin attacks as you move away! The goblin completely misses you.
The goblin attacks as you move away! The goblin hits you with a +0 club.
There is a stone staircase leading up here.
You sock the goblin!
You kill the goblin!
Trog accepts your kill.
You see here a +0 club.
There is a stone staircase leading up here.
You start resting.
HP restored.
Ijyb the Twisted Goblin comes into view.
She is wielding a +0 club, wearing a +1 ring mail of fire resistance and carrying a wand of mindburst (22).
Ijyb shouts!
Ijyb zaps a wand.
Your mind is blasted!
Ouch! That really hurt!
Ijyb zaps a wand.
Your mind is blasted!
* * * LOW HITPOINT WARNING * * *
Ijyb zaps a wand.
Your mind is blasted!
You die...

#..>....# ... #.......#
#... #.......# .....
#.......##.....
######..............
#................# ..
...####........#.
....######.<).........#
#......##.@..........#
#.###......#...#.....#
..#.##...............
.............#.....#.
#...##.........###..<
#..........g#..# #..
#...#..........#
................ ..
.##..........


You could see Ijyb.

Vanquished Creatures
  A gnoll (D:1)
  5 bats
  11 endoplasms
  4 goblins
  4 hobgoblins
  3 kobolds (D:1)
  A quokka (D:1)
  4 ball pythons
  3 frilled lizards
  4 rats
40 creatures vanquished.

Notes
Turn   | Place    | Note
-------+----------+-------------------------------------------
     0 | D:1      | quokkamancerX the Naga Berserker began the quest for the
                  | Orb.
     0 | D:1      | Reached XP level 1. HP: 21/21 MP: 1/1
   278 | D:1      | Reached XP level 2. HP: 21/28 MP: 2/2
   975 | D:1      | Reached XP level 3. HP: 34/34 MP: 3/3
  1678 | D:2      | Reached ** piety under Trog
  2243 | D:3      | Noticed Ijyb
  2246 | D:3      | HP: 1/34 [disintegration (11)]
  2247 | D:3      | Blown up by Ijyb

Illustrated notes

Levels and vault maps discovered:
D:1:      onia_arrival_mini_spirals, layout_basic
D:2:      layout_loops_ring
D:3:      cheibrodos_fertilizer, layout_rooms, led_sif_pool,
          gammafunk_temple_overflow_pools, hellmonk_ecumenical_altar_zigzags,
          minmay_quadrilaterals, uniq_ijyb, uniq_natasha, uniq_jessica

Skill      XL: |  1  2 |
---------------+-------+-----
Armour         | 2 |  2.1
Dodging        | 2 |  2.1
Fighting       | |  3.4
Maces & Flails | |  3.5

Action                   || total
-------------------------++-------
Melee: Mace              ||    51
       Flail             ||    43
Invok: Berserk           ||     3
 Abil: Spit Poison       ||     4
Armor: Ring mail         ||    32
       Plate armour      ||     6
Dodge: Dodged            ||    60

Table legend: (Time is in decaauts)
 A = Elapsed time spent in this place.
 B = Non-inter-level travel time spent in this place.
 C = Inter-level travel time spent in this place.
 D = Time resting spent in this place.
 E = Time spent auto-exploring this place.
 F = Levels seen in this place.
 G = Mean time per level.
                   A        B        C        D        E       F      G
               +--------+--------+--------+--------+--------+-----+--------+
         Total |   2867 |   2796 |     71 |    678 |    547 |   3 |  955.7 |
       Dungeon |   2867 |   2796 |     71 |    678 |    547 |   3 |  955.7 |
               +--------+--------+--------+--------+--------+-----+--------+

Top non-repeatable levels by time:
     D:1: 1789 daAuts
     D:2: 1006 daAuts
     D:3: 72 daAuts
